 Dungeon Crawl Stone Soup version 0.22.0-18-ge075c0d (webtiles) character file.

11812 Lauz the Fencer (level 11, -9/148 HPs)
             Began as a Minotaur Berserker on Aug 18, 2018.
             Was the Champion of Trog.
             Mangled by a large slime creature (18 damage)
             ... on level 10 of the Dungeon.
             The game lasted 00:34:56 (9059 turns).

Lauz the Fencer (Minotaur Berserker)                Turns: 9059, Time: 00:34:57

Health: -9/148     AC: 21    Str: 29    XL:     11   Next: 54%
Magic:  3/3        EV: 11    Int:  4    God:    Trog [******]
Gold:   597        SH:  0    Dex: 11    Spells: 10/10 levels left

rFire    + . .     SeeInvis +   u - +5 great sword (antimagic)
rCold    + . .     Gourm    .   (shield currently unavailable)
rNeg     . . .     Faith    +   B - +5 scale mail of Lies {rC+}
rPois    .         Spirit   .   (helmet restricted)
rElec    .         Reflect  .   e - +1 cloak
rCorr    .         Harm     .   G - +0 pair of gloves
MR       .....                  y - +2 pair of boots
Stlth    ..........             A - amulet of faith
HPRegen  0.34/turn              C - ring of protection from fire
MPRegen  0.08/turn              O - ring of see invisible

@: berserking, very quick
A: retaliatory headbutt, horns 2
a: Berserk, Trog's Hand, Brothers in Arms, Renounce Religion


You were on level 10 of the Dungeon.
You worshipped Trog.
Trog was exalted by your worship.
You were very hungry.

You visited 1 branch of the dungeon, and saw 10 of its levels.
You also visited: Sewer and Ossuary.

You collected 597 gold pieces.

Inventory:

Hand Weapons
 a - a +0 falchion of flaming
 u - a +5 antimagic great sword (weapon)
Missiles
 I - 7 javelins of returning (quivered)
Armour
 b - a +0 animal skin
 e - a +1 cloak (worn)
 n - a +0 ring mail
 y - a +2 pair of boots (worn)
 B - the +5 scale mail of Lies (worn) {rC+}
   (You found it on level 5 of the Dungeon)

   It protects you from cold.
 E - a +0 plate armour
 G - a +0 pair of gloves (worn)
Jewellery
 h - an uncursed amulet of magic regeneration
 i - an uncursed amulet of regeneration
 r - an uncursed ring of attention
 A - an amulet of faith (around neck)
 C - a ring of protection from fire (left hand)
 F - an uncursed ring of flight
 H - a -3 ring of protection
 O - a ring of see invisible (right hand)
Wands
 s - a wand of iceblast (15)
 D - a wand of disintegration (18)
 J - a wand of digging (20)
 P - a wand of acid (3)
 Q - a wand of polymorph (11)
Scrolls
 d - 14 scrolls of remove curse
 f - 7 scrolls of teleportation
 j - 3 scrolls of amnesia
 k - 3 scrolls of magic mapping
 l - 3 scrolls of blinking
 w - 2 scrolls of immolation {unknown}
 x - 3 scrolls of identify
 L - a scroll of enchant armour
 S - a scroll of fog {unknown}
Potions
 g - a potion of invisibility {unknown}
 m - 6 potions of might {unknown}
 o - 4 potions of heal wounds
 p - 4 potions of haste
 q - 3 potions of lignification {unknown}
 t - a potion of magic {unknown}
 v - 2 potions of degeneration {unknown}
 z - 3 potions of agility {unknown}
 K - 2 potions of curing
 N - 2 potions of cancellation {unknown}
Comestibles
 c - 17 rations


   Skills:
 - Level 10.0 Fighting
 * Level 16.5 Long Blades
 + Level 10.1 Armour
 - Level 2.2 Dodging
 - Level 1.5 Stealth


You had 10 spell levels left.
You didn't know any spells.
Your spell library was empty.

Dungeon Overview and Level Annotations

Branches:
Dungeon (10/15)            Temple (0/1) D:6             Orc (0/2) D:10
   Lair: D:8-11

Altars:
Ashenzari
Dithmenos
Nemelex Xobeh
Trog
Uskayaw
Vehumet
Xom
Zin
The Shining One

Shops:
D:6 %   D:8 *


Innate Abilities, Weirdness & Mutations

You reflexively headbutt those who attack you in melee.
You have a pair of horns on your head.


Message History

A red film seems to cover your vision as you go berserk!
You feel yourself moving faster!
You feel mighty!
You are feeling very hungry.
The slime creature barely misses you. The large slime creature hits you!
* * * LOW HITPOINT WARNING * * *
You hit the slime creature.
The slime creature is heavily wounded.
The slime creature barely misses you.
You slice the slime creature!!
The slime creature is almost dead.
The large slime creature hits you!!
* * * LOW HITPOINT WARNING * * *
The slime creature hits you but does no damage.
You open the slime creature like a pillowcase!!!
You kill the slime creature!
Trog accepts your kill.
You slash the slime creature!
The slime creature is lightly wounded.
The large slime creature hits you!!
You die...

#................. .............#
#........#...........#..........#
#....#####)..........#..........#
#...(........####....#..........#
#............# #....#....##....#
#............# +....#....#######
+............# #....+....##....#
#............####....#..........#
..####+#####...J@....#..........#
..# #...J.....#..........# ..#
#....)....#..........# ..###.
#..[......#'##########
....#..######'######.............
....#....<..(......#.............
....+..............#...........>.
....#...........<..#.............
....#..(......J....#.............


You could see a large slime creature and a slime creature.

Vanquished Creatures
  Erolcha (D:9)
  A two-headed ogre (D:8)
  An unseen horror (D:10)
  Maurice (D:8)
  A centaur zombie (D:10)
  Joseph (D:10)
  Psyche (D:10)
  A troll (D:10)
  2 slime creatures (D:10)
  5 hippogriffs
  14 yaks
  A wyvern (D:10)
  2 orc warriors
  An ice beast (D:10)
  4 sky beasts
  4 phantoms
  2 necrophages
  6 ogres
  3 centaurs
  5 big kobolds (Sewer)
  6 bullfrogs
  3 water moccasin zombies (Ossuary)
  A water moccasin skeleton (D:5)
  2 scorpions
  4 wights (D:9)
  4 howler monkeys
  3 crimson imps
  A quasit (D:9)
  2 hounds
  A bullfrog skeleton (D:9)
  3 jellies (D:10)
  5 orc priests
  5 centaur skeletons
  A gnoll shaman (D:5)
  2 iguanas
  9 orc wizards
  6 worker ants
  5 big kobold zombies (Ossuary)
  A hound skeleton (D:6)
  3 mummies
  7 gnolls
  2 worker ant zombies
  5 adders
  10 oozes
  3 adder skeletons
  6 adder zombies
  8 worms
  6 dart slugs
  3 leopard geckos (D:4)
  28 orcs
  7 bats
  7 giant cockroaches
  4 goblins
  7 hobgoblins
  16 jackals
  12 kobolds
  3 quokkas
  4 ball pythons
  5 frilled lizards
  A gnoll zombie (Ossuary)
  7 hobgoblin zombies (Ossuary)
  4 kobold zombies (Ossuary)
  5 orc zombies (Ossuary)
  10 rats
294 creatures vanquished.

Vanquished Creatures (others)
  A wizard (D:10)
  An adder (D:2)
2 creatures vanquished.

Grand Total: 296 creatures vanquished

Notes
Turn   | Place    | Note
-------+----------+-------------------------------------------
     0 | D:1      | Lauz the Minotaur Berserker began the quest for the Orb.
     0 | D:1      | Reached XP level 1. HP: 19/19 MP: 0/0
    15 | D:1      | Reached skill level 4 in Long Blades
    34 | D:1      | Reached XP level 2. HP: 27/27 MP: 1/1
   528 | D:1      | Reached ** piety under Trog
   528 | D:1      | Reached XP level 3. HP: 31/33 MP: 2/2
   870 | D:2      | Found a shadowy altar of Dithmenos.
   960 | D:2      | Reached skill level 5 in Long Blades
   997 | D:2      | Found a radiant altar of Vehumet.
  1078 | D:2      | Reached XP level 4. HP: 19/41 MP: 3/3
  1166 | D:2      | Found a shimmering altar of Xom.
  1843 | D:4      | Noticed a phantom
  1903 | D:4      | Killed a phantom
  1903 | D:4      | Reached skill level 6 in Long Blades
  1903 | D:4      | Reached XP level 5. HP: 29/47 MP: 4/4
  2120 | D:4      | Reached *** piety under Trog
  2120 | D:4      | Reached XP level 6. HP: 16/55 MP: 5/5
  2122 | D:4      | Reached skill level 7 in Long Blades
  2192 | D:4      | Found a glowing drain.
  2222 | Sewer    | Entered a sewer
  2293 | Sewer    | Reached skill level 5 in Fighting
  2578 | Sewer    | Reached skill level 8 in Long Blades
  2578 | Sewer    | Reached XP level 7. HP: 61/61 MP: 6/6
  2844 | D:4      | Reached skill level 5 in Armour
  3301 | D:5      | Entered Level 5 of the Dungeon
  3322 | D:5      | Reached skill level 1 in Stealth
  3330 | D:5      | Reached skill level 9 in Long Blades
  3339 | D:5      | Got a slimy scale mail
  3350 | D:5      | Identified the +5 scale mail of Lies {rC+} (You found it on level 5 of the Dungeon)
  3365 | D:5      | Reached **** piety under Trog
  3409 | D:5      | Reached XP level 8. HP: 66/70 MP: 7/7
  3446 | D:5      | Reached skill level 10 in Long Blades
  3936 | D:6      | Found a hide-covered altar of Uskayaw.
  3936 | D:6      | Found a bloodstained altar of Trog.
  4029 | D:6      | Found a staircase to the Ecumenical Temple.
  4040 | D:6      | Reached skill level 11 in Long Blades
  4441 | D:6      | Found Uxkial's Food Boutique.
  4500 | D:6      | Found a shattered altar of Ashenzari.
  4867 | D:7      | Found a shattered altar of Ashenzari.
  4893 | D:7      | Reached XP level 9. HP: 77/78 MP: 8/8
  5143 | D:7      | Reached skill level 12 in Long Blades
  5155 | D:7      | Reached ***** piety under Trog
  5245 | D:7      | Received a gift from Trog
  5951 | D:8      | Found a sand-covered staircase.
  5964 | Ossuary  | Entered an ossuary
  6033 | Ossuary  | Reached skill level 13 in Long Blades
  6194 | D:8      | Noticed Maurice
  6215 | D:8      | Killed Maurice
  6215 | D:8      | Reached XP level 10. HP: 66/88 MP: 9/9
  6344 | D:8      | Found Zin's Purification Station.
  6345 | D:8      | Found a glowing silver altar of Zin.
  6537 | D:8      | Found a glowing golden altar of the Shining One.
  6598 | D:8      | Noticed a two-headed ogre
  6613 | D:8      | Killed a two-headed ogre
  6613 | D:8      | Reached skill level 14 in Long Blades
  6993 | D:9      | Noticed Erolcha
  7001 | D:9      | Killed Erolcha
  7134 | D:9      | Reached skill level 15 in Long Blades
  7264 | D:9      | Reached ****** piety under Trog
  7275 | D:9      | Reached XP level 11. HP: 83/97 MP: 10/10
  7486 | D:9      | Found a sparkling altar of Nemelex Xobeh.
  7862 | D:10     | Entered Level 10 of the Dungeon
  7868 | D:10     | Noticed Joseph
  7893 | D:10     | Killed Joseph
  7893 | D:10     | Noticed an unseen horror
  7915 | D:10     | Killed an unseen horror
  8059 | D:10     | Noticed Psyche
  8077 | D:10     | Killed Psyche
  8295 | D:10     | Reached skill level 16 in Long Blades
  8586 | D:10     | Found a staircase to the Orcish Mines.
  8622 | D:10     | Received a gift from Trog
  8632 | D:10     | Reached skill level 10 in Fighting
  8751 | D:10     | Reached skill level 10 in Armour
  8899 | D:10     | Found a bloodstained altar of Trog.
  8901 | D:10     | Noticed a wizard
  8906 | D:10     | Killed a wizard
  9059 | D:10     | Mangled by a large slime creature

Skill      XL: |  1  2  3  4  5  6  7  8  9 10 11 |
---------------+----------------------------------+-----
Long Blades    | 4 5 6 8 9 11 13 15 16 | 16.5
Fighting       | 4 5 6 7 9 10 | 10.0
Armour         | 3 4 5 6 8 9 10 | 10.1
Stealth        | 1 |  1.5
Dodging        | |  2.2

Action                   |  1- 3 |  4- 6 |  7- 9 | 10-12 || total
-------------------------+-------+-------+-------+-------++-------
Melee: Falchion          |   100 |   176 |   477 |   299 ||  1052
       Headbutt          |    18 |    31 |   113 |    86 ||   248
       Great sword       |       |       |       |    38 ||    38
Throw: Javelin           |       |       |     2 |     3 ||     5
Invok: Berserk           |     1 |     1 |     1 |     3 ||     6
  Use: Scroll            |     2 |       |     7 |     4 ||    13
  Eat: Chunk             |     1 |     7 |     9 |    12 ||    29
       Ration            |       |       |     1 |       ||     1
Armor: Animal skin       |    30 |     2 |       |       ||    32
       Ring mail         |       |    72 |    19 |       ||    91
       Scale mail        |       |       |   176 |   127 ||   303
Dodge: Dodged            |    72 |    85 |   228 |   120 ||   505
       Rpst.: Falchion   |    16 |    23 |    53 |    24 ||   116
       Great sword       |       |       |       |     5 ||     5
